 Dungeon Crawl Stone Soup version 0.21-a0-104-g7b58145 (webtiles) character file.

196 hairmachine the Chopper (level 6, -1/47 HPs)
             Began as a Formicid Abyssal Knight on July 6, 2017.
             Was a Believer of Lugonu.
             Killed from afar by an orc wizard (6 damage)
             ... with a magic dart
             ... on level 4 of the Dungeon.
             The game lasted 00:10:17 (4948 turns).

hairmachine the Chopper (Formicid Abyssal Knight)   Turns: 4948, Time: 00:10:18

Health: -1/47      AC:  8    Str: 18    XL:     6   Next: 4%
Magic:  7/7        EV: 12    Int: 12    God:    Lugonu [**....]
Gold:   157        SH:  0    Dex: 15    Spells: 5/5 levels left

rFire    . . .     SeeInvis +   a - +2 hand axe
rCold    . . .     Gourm    .   (no shield)
rNeg     . . .     Faith    .   k - +0 chain mail
rPois    .         Spirit   .   (helmet unavailable)
rElec    .         Reflect  .   (no cloak)
rCorr    .         Harm     .   (no gloves)
MR       .....                  (no boots)
Stlth    ..........             (no amulet)
HPRegen  0.15/turn              (no ring)
MPRegen  0.10/turn              (no ring)

@: agile
A: permanent stasis, dig shafts and tunnels, four strong arms, antennae 3
a: Dig, Shaft Self, Depart the Abyss, Bend Space, Renounce Religion


You were on level 4 of the Dungeon.
You worshipped Lugonu.
Lugonu was pleased with you.
You were not hungry.

You visited 1 branch of the dungeon, and saw 4 of its levels.
You visited the Abyss 1 time.

You collected 157 gold pieces.

Inventory:

Hand Weapons
 a - a +2 hand axe (weapon)
Missiles
 j - 142 stones (quivered)
Armour
 k - a +0 chain mail (worn)
Jewellery
 p - an uncursed amulet of harm {unknown}
 u - an uncursed ring of protection from fire {unknown}
Scrolls
 b - 3 scrolls of identify
 e - 3 scrolls of teleportation {unknown}
 g - 4 scrolls of recharging
 h - 2 scrolls of fog {unknown}
 m - a scroll of blinking {unknown}
 o - a scroll of enchant armour {unknown}
 r - 2 scrolls of enchant weapon
 s - a scroll of noise {unknown}
Potions
 d - 2 potions of flight
 l - a potion of curing
 n - a potion of agility
 q - a potion of brilliance
Comestibles
 c - 4 bread rations
 f - 3 royal jellies
 t - a meat ration


   Skills:
 - Level 3.4 Fighting
 + Level 5.6 Axes
 - Level 2.3 Armour
 - Level 0.8 Dodging
 - Level 2.2 Invocations


You had 5 spell levels left.
You didn't know any spells.

Dungeon Overview and Level Annotations

Branches:
Dungeon (4/15)
 Temple: D:4-7

Altars:
Dithmenos
Nemelex Xobeh
Trog
The Shining One

Annotations:
D:3 exclusion: downstairs


Innate Abilities, Weirdness & Mutations

You cannot be hasted, slowed, berserked, paralysed or teleported.
You can dig through walls and to a lower floor.
Your four strong arms can wield two-handed weapons with a shield.
You have a pair of large antennae on your head. (SInv)


Message History

You climb downwards.
There is a stone staircase leading up, spattered with blood here.
You see here a tomahawk.
You start resting.
Things that are here:
a leather armour; an orc corpse You start resting.
The orc wizard casts a spell.
The orc wizard blinks!
You are too injured to fight recklessly!
You are too injured to fight recklessly!
You are too injured to fight recklessly!
Unknown command.
The orc wizard points at you and mumbles some strange words.
The magic dart hits you!
* * * LOW HITPOINT WARNING * * *
You start resting.
The orc wizard points at you and mumbles some strange words.
The magic dart hits you!
You die...

{ { { ####
###### ### #...
####....#...#
#...##(<[.##@.#
#....(.).....##
#...##.o...### {
#............# {
#...#........#
#..###.........#
{ ...#
##.....#..# {
.... ...........
... #...........
#


You could see an orc wizard.

Vanquished Creatures
  Terence (D:2)
  A worker ant (D:3)
  7 adders
  7 worms (D:2)
  A dart slug (D:1)
  2 leopard geckos
  4 orcs (D:4)
  A ball python (D:1)
  6 bats
  3 giant cockroaches (D:2)
  9 goblins
  6 hobgoblins
  A quokka (D:3)
  3 frilled lizards
  4 kobolds
  5 rats
61 creatures vanquished.

Notes
Turn   | Place    | Note
-------+----------+-------------------------------------------
     0 | Abyss:1  | hairmachine the Formicid Abyssal Knight began the quest for the Orb.
     0 | Abyss:1  | Reached XP level 1. HP: 18/18 MP: 2/2
    31 | Abyss:1  | Found a corrupted altar of Lugonu.
    69 | Abyss:1  | Found a corrupted altar of Lugonu.
   137 | D:1      | Escaped the Abyss
   162 | D:1      | Noticed a black bear
   162 | D:1      | Noticed a four-headed hydra
   163 | D:1      | Noticed a black mamba
   266 | D:1      | Reached XP level 2. HP: 22/24 MP: 3/3
   691 | D:1      | Reached * piety under Lugonu
  1164 | D:2      | Reached skill level 3 in Axes
  1164 | D:2      | Reached XP level 3. HP: 15/29 MP: 4/4
  1374 | D:2      | Found a glowing golden altar of the Shining One.
  2172 | D:2      | Noticed Terence
  2196 | D:2      | Killed Terence
  2196 | D:2      | Reached skill level 4 in Axes
  2196 | D:2      | Reached XP level 4. HP: 35/35 MP: 5/5
  2262 | D:2      | Found a sparkling altar of Nemelex Xobeh.
  3122 | D:2      | Reached XP level 5. HP: 37/41 MP: 6/6
  3344 | D:2      | Noticed a moth of wrath
  3709 | D:2      | Found a bloodstained altar of Trog.
  3878 | D:3      | Reached skill level 5 in Axes
  3916 | D:3      | Found a shadowy altar of Dithmenos.
  3925 | D:3      | Reached ** piety under Lugonu
  4665 | D:4      | Noticed an ogre
  4881 | D:4      | Reached XP level 6. HP: 47/47 MP: 7/7
  4948 | D:4      | Killed from afar by an orc wizard

Vault maps used:
D:1:      onia_arrival_zoo_common
D:2:      nemelex_xobeh_ov_fountains_minmay, tgw_trog,
          nicolae_overflow_crystal_walls, uniq_terence
D:3:      grunt_dithmenos_smoke, first_bread
D:4:      lemuel_castle_with_subvaults, temple_hall, goddamned_bats

Skill      XL: |  1  2  3  4  5 |
---------------+----------------+-----
Axes           | 3 4 5 |  5.6
Fighting       | |  3.4
Armour         | |  2.3
Dodging        | |  0.8
Invocations    | |  2.2

Action                   |  1- 3 |  4- 6 || total
-------------------------+-------+-------++-------
Melee: Hand axe          |    86 |   181 ||   267
Throw: Stone             |       |     8 ||     8
Invok: Depart the Abyss  |     1 |       ||     1
 Abil: Dig               |       |     3 ||     3
  Use: Potion            |     2 |     3 ||     5
       Scroll            |       |     7 ||     7
  Eat: Chunk             |     3 |    10 ||    13
Armor: Leather armour    |    30 |       ||    30
       Skin              |    14 |       ||    14
       Chain mail        |       |    78 ||    78
Dodge: Dodged            |    56 |    59 ||   115
